 Dungeon Sprint DCSS version 0.31-a0-986-g5e6e4ef867 (webtiles) character file.

Game seed: 13948373909977934743

520 rocky1 the Grappler (level 7, -4/52 HPs)
             Began as a Merfolk Shapeshifter on Nov 24, 2023.
             Was an Initiate of Gozag.
             Succumbed to a kobold demonologist's poison
             ... in the Dungeon (Sprint III: "The Ten Rune Challenge").
             The game lasted 00:02:37 (1040 turns).

rocky1 the Grappler (Merfolk Shapeshifter)          Turns: 1040, Time: 00:02:37

Health: -4/52      AC:  2    Str: 17    XL:     7   Next: 21%
Magic:  7/7        EV: 14    Int:  9    God:    Gozag
Gold:   305        SH:  0    Dex: 13    Spells: 6/6 levels left

rFire   . .          .
                       - Unarmed
rCold   . . .        (shield currently unavailable)
rNeg    . . .        a - +0 animal skin
rPois   .            (no helmet)
rElec   .            (no cloak)
rCorr   .            (no gloves)
SInv    .            (no boots)
Will    .....        (no amulet)
Stlth   +            (no ring)
HPRegen 0.28/turn    (no ring)
MPRegen 0.10/turn

%: no teleportation
@: lethally poisoned (-4 -> -31), flux-form, gold aura, fragile, glowing
A: glow, contaminating, (nimble swimmer 2), mertail
a: Begin Untransformation, Renounce Religion, Potion Petition, Call Merchant,
Bribe Branch


You were in the Dungeon.
You worshipped Gozag.
Gozag was aware of your devotion.
You were something dangerously unstable.
You visited 1 branch You collected 305 gold pieces.

Inventory:

Armour
 a - a +0 animal skin (worn)
 b - a +0 cloak
Talismans
 c - a beast talisman
 d - a flux talisman (active)
Wands
 e - a wand of polymorph (9)
Scrolls
 j - a scroll of blinking
 k - a scroll of torment {unknown}
 m - a scroll of immolation {unknown}
 n - a scroll of enchant armour {unknown}
 p - a scroll of poison {unknown}
 q - a scroll of identify {unknown}
Potions
 g - a potion of haste
 h - 2 potions of magic
 i - a potion of berserk rage
 l - 4 potions of mutation {unknown}
 o - 3 potions of enlightenment


   Skills:
 + Level 3.0 Fighting
 + Level 6.4 Dodging
 - Level 1.0 Stealth
 + Level 12.2 Unarmed Combat
 + Level 11.3 Shapeshifting


You had 6 spell levels left.
You didn't know any spells.
Your spell library was empty.

Dungeon Overview and Level Annotations

Branches:
Dungeon (1/1)

Altars:
Cheibriados
Dithmenos
Fedhas
Gozag
Hepliaklqana
Kikubaaqudgha
Makhleb
Nemelex Xobeh
Qazlal
Ru
Sif Muna
Vehumet
Xom
Yredelemnul
Jiyva
Lugonu


Innate Abilities, Weirdness & Mutations

You are something dangerously unstable.
You glow with magical radiation, making you easy to see and hit.
Foes you strike become dangerously contaminated with magical radiation.
You are incapable of wielding weapons or throwing items.
((You are very nimble when in or above water. (Stealth+, EV+, Speed+++)))
Your lower body shifts to a powerful aquatic tail in water.


Message History

The smoke demon completely misses you. The smoke demon hits you. x2
You hit the smoke demon.
The smoke demon begins to glow.
The smoke demon is lightly wounded.
You feel sick.
The arcanist points at you and mumbles some strange words.
Your body becomes as fragile as glass!
The kobold demonologist hits you with a +2 dagger of venom.
You are more poisoned.
The arcanist mumbles some strange words.
The arcanist blinks!
The smoke demon hits you. x3
You barely miss the kobold demonologist.
You feel very sick.
The kobold demonologist hits you with a +2 dagger of venom.
You are lethally poisoned!
You hit the kobold demonologist.
The kobold demonologist begins to glow.
The kobold demonologist is moderately wounded.
* * * LOW HITPOINT WARNING * * *
You feel very sick.
The smoke demon hits you but does no damage. x2
The smoke demon hits you.
* * * LOW HITPOINT WARNING * * *
The kobold demonologist hits you with a +2 dagger of venom.
* * * LOW HITPOINT WARNING * * *
You are more poisoned.
Okay, then.
Okay, then.
You hit the kobold demonologist.
The kobold demonologist glows dangerously bright.
The kobold demonologist is severely wounded.
* * * LOW HITPOINT WARNING * * *
You feel very sick. The smoke demon hits you.
* * * LOW HITPOINT WARNING * * *
The smoke demon closely misses you. The smoke demon hits you.
* * * LOW HITPOINT WARNING * * *
You hit the kobold demonologist.
You kill the kobold demonologist!
The smoke demon disappears in a puff of smoke!
You die...
Your body crumbles into a pile of gold.

.#......#####..# #__#
##.....).#..#..# #._#
.##.##...#..#..###+#+###)##
.##.###..##'#..#..........#
####.##..###...'.⌠........#
##..##..####...#...######'#
....##..###....#.⌠.#__#...#
#..##...##.....#...#__#...#
..##...)#......#p###__#...#
.###..##.#.....#$§:#__#...+
.# #..#####....#___#__'...#
▓▓ ▓▓▓▓ ▓▓▓▓▓▓▓▓▓▓▓▓▓▓▓▓▓


There were no monsters in sight!

Vanquished Creatures
  A shadow (D)
  A spatial vortex (D)
  A water elemental (D)
  A necrophage (D)
  A jelly (D)
  Crazy Yiuf (D)
  Jessica (D)
  A necromancer (D)
  A human (D)
  A kobold demonologist (D)
  An endoplasm (D)
  2 rats (D)
13 creatures vanquished.

Notes
Turn   | Place    | Note
-------+----------+-------------------------------------------
     0 | D        | rocky1 the Merfolk Shapeshifter began the quest for the
                  | Orb.
     0 | D        | Reached XP level 1. HP: 15/15 MP: 1/1
    57 | D        | Noticed Jessica
    66 | D        | Killed Jessica
    67 | D        | Reached skill level 5 in Unarmed Combat
    67 | D        | Reached XP level 2. HP: 7/21 MP: 2/2
    67 | D        | Reached XP level 3. HP: 9/26 MP: 3/3
   261 | D        | Noticed Crazy Yiuf
   269 | D        | Killed Crazy Yiuf
   270 | D        | Reached skill level 6 in Unarmed Combat
   280 | D        | Reached XP level 4. HP: 32/32 MP: 4/4
   549 | D        | Noticed a water elemental
   556 | D        | Killed a water elemental
   557 | D        | Reached skill level 1 in Stealth
   557 | D        | Reached skill level 8 in Unarmed Combat
   557 | D        | Reached XP level 5. HP: 38/38 MP: 5/5
   690 | D        | Noticed a shadow
   696 | D        | HP: 1/38 [shadow (10)]
   703 | D        | Killed a shadow
   704 | D        | Reached skill level 5 in Dodging
   704 | D        | Reached skill level 10 in Unarmed Combat
   704 | D        | Reached skill level 10 in Shapeshifting
   704 | D        | Reached XP level 6. HP: 10/46 MP: 6/6
   842 | D        | Found a blossoming altar of Fedhas.
   842 | D        | Found a stormy altar of Qazlal.
   842 | D        | Found a snail-covered altar of Cheibriados.
   842 | D        | Found a burning altar of Makhleb.
   842 | D        | Found a shimmering altar of Xom.
   843 | D        | Found a hazy altar of Hepliaklqana.
   843 | D        | Found an opulent altar of Gozag.
   843 | D        | Found a sparkling altar of Nemelex Xobeh.
   843 | D        | Found a corrupted altar of Lugonu.
   843 | D        | Found a viscous altar of Jiyva.
   843 | D        | Noticed a spatial vortex
   847 | D        | Became a worshipper of Gozag Ym Sagoz the Greedy
   854 | D        | Killed a spatial vortex
   855 | D        | Reached skill level 11 in Unarmed Combat
   855 | D        | Reached XP level 7. HP: 51/51 MP: 7/7
   875 | D        | Found a basalt altar of Yredelemnul.
   875 | D        | Found a shadowy altar of Dithmenos.
   875 | D        | Found a sacrificial altar of Ru.
   884 | D        | Reached skill level 12 in Unarmed Combat
  1031 | D        | Found a radiant altar of Vehumet.
  1031 | D        | Found a shimmering blue altar of Sif Muna.
  1031 | D        | Found an ancient bone altar of Kikubaaqudgha.
  1033 | D        | Noticed a smoke demon
  1039 | D        | HP: 2/52 [smoke demon[a kobold demonologist] (1)]
  1040 | D        | Succumbed to a kobold demonologist's poison

Illustrated notes

Levels and vault maps discovered:
D:        dungeon_sprint_mu [sprint_mu_entry_cave, sprint_mu_temple_rooms,
          sprint_mu_d1_horrors, sprint_mu_d2_genie, sprint_mu_d3_branching,
          sprint_mu_orc_legion, sprint_mu_elf_gauntlet, sprint_mu_hive_nellie,
          sprint_mu_lair_fedhas, sprint_mu_vaults_butterflies,
          sprint_mu_slime_circle, sprint_mu_swamp_cave, sprint_mu_shoals_kraken,
          sprint_mu_blade_basic, sprint_mu_crypt_fortress,
          sprint_mu_tomb_spiral, sprint_mu_vestibule_basic,
          sprint_mu_gehenna_hellfire, sprint_mu_dis_giant,
          sprint_mu_tartarus_statrot, sprint_mu_cocytus_islands, sprint_mu_zot1]

Skill      XL: |  1  2  3  4  5  6  7 |
---------------+----------------------+-----
Dodging        | 3 4 5 6 |  6.4
Unarmed Combat | 5 6 8 10 11 12 | 12.2
Shapeshifting  | 6 7 8 10 11 | 11.3
Stealth        | 1 |  1.0
Fighting       | 2 3 |  3.0

Action                     |  1- 3 |  4- 6 |  7- 9 || total
---------------------------+-------+-------+-------++-------
  Melee: Unarmed           |    21 |    20 |    17 ||    58
         Punch             |     1 |       |       ||     1
    Use: Potion            |     1 |     2 |       ||     3
   Stab: Sleeping          |     1 |       |       ||     1
 Armour: Animal skin       |     1 |     7 |    18 ||    26
         Skin              |     8 |       |       ||     8
  Dodge: Dodged            |     5 |     4 |     6 ||    15
   Form: Flux              |       |       |     1 ||     1

Table legend: (Time is in decaauts)
 A = Elapsed time spent in this place.
 B = Non-inter-level travel time spent in this place.
 C = Inter-level travel time spent in this place.
 D = Time resting spent in this place.
 E = Time spent auto-exploring this place.
 F = Levels seen in this place.
 G = Mean time per level.
                   A        B        C        D        E       F      G
               +--------+--------+--------+--------+--------+-----+--------+
         Total |   1030 |   1030 |      0 |    791 |     44 |   1 | 1030.0 |
       Dungeon |   1030 |   1030 |      0 |    791 |     44 |   1 | 1030.0 |
               +--------+--------+--------+--------+--------+-----+--------+

Top non-repeatable levels by time:
       D: 1030 daAuts
